 Dungeon Crawl Stone Soup version 0.26.1-2-gb8aa6d0cf2 (webtiles) character file.

Game seed: 14164316399179271759

147 infcreate the Skirmisher (level 5, 0/33 HPs)
             Began as a Gargoyle Monk on Mar 27, 2021.
             Was a Believer of Ashenzari.
             Killed from afar by an orc wizard (3 damage)
             ... with a magic dart
             ... on level 3 of the Dungeon.
             The game lasted 00:14:24 (2435 turns).

infcreate the Skirmisher (Gargoyle Monk)            Turns: 2435, Time: 00:14:25

Health: 0/33       AC: 10    Str: 16    XL:     5   Next: 29%
Magic:  5/5        EV: 10    Int: 10    God:    Ashenzari [**....]
Gold:   238        SH:  4    Dex: 12    Spells: 4/4 levels left

rFire    . . .     SeeInvis .   a - +0 mace
rCold    . . .     Faith    .   p - +0 buckler
rNeg     + . .     Spirit   .   g - +0 scale mail
rPois    ∞         Reflect  .   (no helmet)
rElec    +         Harm     .   (no cloak)
rCorr    .         Rampage  .   (no gloves)
Will     .....                  (no boots)
Stlth    +.........             (no amulet)
HPRegen  0.11/turn              (no ring)
MPRegen  0.09/turn              (no ring)

@: no status effects
A: negative energy resistance 1, electricity resistance, unbreathing,
petrification resistance, miasma immunity, AC +4
a: Renounce Religion, Curse Item, Scrying


You were on level 3 of the Dungeon.
You worshipped Ashenzari.
Ashenzari was pleased with you.
You visited 1 branch of the dungeon, and saw 4 of its levels.

You collected 238 gold pieces.

Inventory:

Hand Weapons
 a - a +0 mace (weapon)
Armour
 g - a +0 scale mail (worn)
 p - a +0 buckler (worn)
Jewellery
 n - an uncursed ring of protection from fire
Scrolls
 b - a scroll of immolation {unknown}
 c - a scroll of fear {unknown}
 d - a scroll of random uselessness {unknown}
 f - a scroll of enchant armour {unknown}
 h - 3 scrolls of teleportation
 l - 3 scrolls of identify {unknown}
Potions
 e - 2 potions of heal wounds {unknown}
 i - a potion of flight {unknown}
 j - a potion of lignification {unknown}
 k - 3 potions of curing {unknown}
 m - a potion of attraction {unknown}
 o - a potion of mutation {unknown}


   Skills:
 * Level 4.2 Fighting
 * Level 3.9 Maces & Flails
 * Level 2.4 Armour
 - Level 2.4 Dodging
 - Level 2.1 Stealth
 * Level 2.3 Shields


You had 4 spell levels left.
You didn't know any spells.
Your spell library was empty.

Dungeon Overview and Level Annotations

Branches:
Dungeon (4/15)
 Temple: D:4-7

Altars:
Ashenzari
Nemelex Xobeh


Innate Abilities, Weirdness & Mutations

You are resistant to torment.
Your stone body is resilient. (AC +4)
You are immune to poison.
You resist negative energy. (rN+)
You are resistant to electric shocks. (rElec)
You can survive without breathing.
You are immune to petrification.
You are immune to miasma.


Message History

The magic dart hits you.
* * * LOW HITPOINT WARNING * * *
Unknown command.
You hit the orc wizard but do no damage.
The orc wizard is almost dead.
The orc wizard mumbles some strange words.
The orc wizard blinks!
The orc wizard points at you and mumbles some strange words.
The magic dart hits you.
* * * LOW HITPOINT WARNING * * *
The orc wizard gestures wildly while chanting.
The orc wizard blinks!
An orc wizard is nearby!
The orc wizard gestures at you while chanting.
You resist with some effort.
The orc wizard gestures wildly while chanting.
The orc wizard blinks!
The orc wizard casts a spell at you. The magic dart hits you.
You die...

##.###≈≈############ #># ##
#...#≈≈## #.# .###≈≈≈# #.# .#
#.≈## #.# .###.≈# #.# .....## #.#
.#.#..# #########.#
##.##÷##############.o...§...#
##..............@....############
#####.........#########..........
# #..######.....# #.######### #
##.#§≈§≈#.###.# #.# #
#.#≈._≈#.###.#####.#
######.#≈§§§#........##.#
.......#≈≈≈≈#..##.##.##.#
######.##''##..##.##.##[#
######.........##<......#


You could see an orc wizard (fast).

Vanquished Creatures
  A hound (D:4)
  An orc wizard (D:4)
  3 adders
  3 worms
  2 dart slugs
  A leopard gecko (D:3)
  4 orcs (D:3)
  6 bats
  2 giant cockroaches
  3 goblins (D:1)
  2 hobgoblins
  3 jackals (D:1)
  7 kobolds
  6 frilled lizards
  4 rats
48 creatures vanquished.

Vanquished Creatures (others)
  A fungus (D:1)
  4 toadstools (D:1)
5 creatures vanquished.

Grand Total: 53 creatures vanquished

Notes
Turn   | Place    | Note
-------+----------+-------------------------------------------
     0 | D:1      | infcreate the Gargoyle Monk began the quest for the Orb.
     0 | D:1      | Reached XP level 1. HP: 14/14 MP: 1/1
   200 | D:1      | Reached XP level 2. HP: 15/19 MP: 2/2
   260 | D:1      | Found a broken altar of Ashenzari.
   274 | D:1      | Became a worshipper of Ashenzari the Shackled
   274 | D:1      | Reached * piety under Ashenzari
   274 | D:1      | Reached ** piety under Ashenzari
   307 | D:1      | Reached skill level 1 in Shields
   326 | D:1      | Reached skill level 1 in Armour
   400 | D:1      | Reached XP level 3. HP: 22/23 MP: 3/3
  1826 | D:3      | Found a sparkling altar of Nemelex Xobeh.
  1843 | D:3      | Reached XP level 4. HP: 28/29 MP: 4/4
  2181 | D:3      | Reached skill level 4 in Fighting
  2398 | D:4      | Reached XP level 5. HP: 24/33 MP: 5/5
  2418 | D:3      | HP: 1/33 [orc wizard/magic dart (4)]
  2435 | D:3      | Killed from afar by an orc wizard

Illustrated notes

Levels and vault maps discovered:
D:1:      minmay_arrival_four_loops, layout_loops_ring,
          minmay_gold_behind_fungi, ashenzari_altar_1
D:2:      layout_basic
D:3:      layout_loops_ring, general_overflow_altar,
          chequers_serial_rivers_large_b
D:4:      cheibrodos_fertilizer, layout_cave_pools, cheibriados_altar_1,
          kennysheep_mini, uniq_edmund, uniq_menkaure, uniq_purgy

Skill      XL: |  1  2  3  4 |
---------------+-------------+-----
Shields        | 1 2 |  2.3
Armour         | 1 2 |  2.4
Fighting       | 4 |  4.2
Maces & Flails | |  3.9
Dodging        | |  2.4
Stealth        | |  2.1

Action                   |  1- 3 |  4- 6 || total
-------------------------+-------+-------++-------
Melee: Mace              |   141 |    76 ||   217
  Use: Scroll            |       |     1 ||     1
 Stab: Sleeping          |     2 |       ||     2
       Distracted        |     1 |       ||     1
Armor: Robe              |     6 |       ||     6
       Leather armour    |    10 |       ||    10
       Scale mail        |    37 |    47 ||    84
Dodge: Dodged            |    83 |    48 ||   131
Block: Buckler           |       |    14 ||    14
